 Dungeon Crawl Stone Soup version 0.30-a0-359-gd0147acb1a (webtiles) character file.

Game seed: 16162202767682508698

55 koil the Vexing (level 3, -1/26 HPs)
             Began as a Vampire Enchanter on Nov 13, 2022.
             Slain by a goblin
             ... wielding a +0 dagger
             ... led by Robin
              (3 damage)
             ... on level 2 of the Dungeon.
             The game lasted 00:03:21 (815 turns).

koil the Vexing (Vampire Enchanter)                  Turns: 815, Time: 00:03:22

Health: -1/26      AC:  2    Str:  7    XL:     3   Next: 67%
Magic:  1/6        EV: 12    Int: 19    God:
Gold:   60         SH:  0    Dex: 14    Spells: 1/6 levels left

rFire   . . .      SeeInvis +    a - +1 dagger
rCold   . . .      Faith    .    (no shield)
rNeg    . . .      Spirit   .    b - +0 robe
rPois   .          Reflect  .    (no helmet)
rElec   .          Harm     .    (no cloak)
rCorr   .          Rampage  .    (no gloves)
Will    .....                    (no boots)
Stlth   +++.......               (no amulet)
HPRegen 0.44/turn                (no ring)
MPRegen 0.10/turn                (no ring)

@: healing quickly
A: alive, fangs 3, see invisible, vampiric 2
a: Exsanguinate


You were on level 2 of the Dungeon.
You visited 1 branch of the dungeon, and saw 2 of its levels.

You collected 60 gold pieces.

Inventory:

Hand Weapons
 a - a +1 dagger (weapon)
Armour
 b - a +0 robe (worn)
Jewellery
 k - an amulet of faith
Scrolls
 d - a scroll of vulnerability {unknown}
 e - 4 scrolls of identify {unknown}
 g - a scroll of magic mapping {unknown}
 h - a scroll of torment {unknown}
 i - a scroll of teleportation {unknown}
 l - a scroll of blinking {unknown}
 m - a scroll of noise {unknown}
Potions
 c - 2 potions of invisibility
 f - a potion of attraction {unknown}
 j - a potion of mutation {unknown}


   Skills:
 + Level 1.0 Fighting
 + Level 2.0 Short Blades
 + Level 2.7 Dodging
 + Level 4.9 Stealth
 + Level 2.3 Spellcasting
 + Level 4.9 Hexes


You had one spell level left.
You knew the following spells:

 Your Spells              Type           Power      Damage    Failure   Level
a - Ensorcelled Hibernat  Hex/Ice        22%        N/A       9%          2
b - Confusing Touch       Hex            21%        N/A       6%          3

Your spell library contained the following spells:

 Spells                   Type           Power      Damage    Failure   Level
 Tukima's Dance           Hex            21%        N/A       6%          3
 Dazzling Flash           Conj/Hex       22%        N/A       19%         3
 Iskenderun's Battlesphe  Conj           2%         2d6       99%         5
 Iron Shot                Conj/Erth      1%         9d1       100%        6
 Spellforged Servitor     Conj/Summ      1%         N/A       100%        7


Dungeon Overview and Level Annotations

Branches:
Dungeon (2/15)

Altars:


Innate Abilities, Weirdness & Mutations

Your natural rate of healing is accelerated.
You have razor-sharp teeth.
You have supernaturally acute eyesight. (SInv)
You are afflicted with vampirism and can become a bat while bloodless.


Message History

You kill Robin!
The goblin hits you with a +0 club. The goblin hits you with a +0 dagger.
Your Fighting skill increases to level 1!
You closely miss the goblin. You bite the goblin.
You kill the goblin!
The goblin hits you but does no damage. The goblin closely misses you.
You closely miss the goblin. The goblin barely misses you.
The goblin hits you with a +0 club. The goblin hits you but does no damage.
You hit the goblin.
The goblin is heavily wounded.
The goblin misses you. The goblin barely misses you.
The goblin hits you with a +0 dagger.
You closely miss the goblin.
The goblin is heavily wounded.
The goblin barely misses you. The goblin hits you with a +0 club.
The goblin closely misses you.
You hit the goblin.
The goblin is severely wounded.
The goblin misses you. The goblin hits you with a +0 club.
The goblin hits you but does no damage.
You closely miss the goblin.
The goblin is severely wounded.
The goblin hits you with a +0 club.
* * * LOW HITPOINT WARNING * * *
The goblin barely misses you. The goblin hits you but does no damage.
You hit the goblin.
You kill the goblin!
The goblin misses you. The goblin hits you with a +0 dagger.
* * * LOW HITPOINT WARNING * * *
Your Short Blades skill increases to level 2!
You closely miss the goblin. You hit the goblin.
The goblin is moderately wounded.
The goblin closely misses you. The goblin hits you with a +0 dagger.
* * * LOW HITPOINT WARNING * * *
You closely miss the goblin. Your bite misses the goblin.
The goblin is moderately wounded.
The goblin barely misses you. x2
The goblin attacks as you move away! The goblin hits you with a +0 dagger.
You die...

#.# #.. #. #. #.#
#..##. #. #.##.#.....
#. ###.##.#...#. #.
##...##.#...#. #.
##.......#...#. #.
#...#.##.#...#.
#g###..##.[......#.
#)@)...............
#....g...........#...
###.###########.#####
#. #####........ #.
........##### #.
........# ##
#########


You could see 2 goblins.

Vanquished Creatures
  Robin (D:2)
  A worm (D:2)
  A dart slug (D:1)
  An endoplasm (D:1)
  2 giant cockroaches (D:1)
  5 goblins
  5 hobgoblins
  3 jackals (D:1)
  A quokka (D:1)
  5 ball pythons
  3 bats (D:1)
  2 frilled lizards (D:1)
  4 kobolds
  A rat (D:1)
35 creatures vanquished.

Notes
Turn   | Place    | Note
-------+----------+-------------------------------------------
     0 | D:1      | koil the Vampire Enchanter began the quest for the Orb.
     0 | D:1      | Reached XP level 1. HP: 13/13 MP: 3/3
   133 | D:1      | Reached XP level 2. HP: 11/20 MP: 5/5
   136 | D:1      | Learned a level 2 spell: Ensorcelled Hibernation
   477 | D:1      | Gained mutation: You are afflicted with vampirism and can
                  | become a bat while bloodless. [Vampire growth]
   477 | D:1      | Reached XP level 3. HP: 21/25 MP: 6/6
   481 | D:1      | Learned a level 3 spell: Confusing Touch
   799 | D:2      | Noticed Robin
   804 | D:2      | Killed Robin
   805 | D:2      | Reached skill level 1 in Fighting
   810 | D:2      | HP: 5/26 [goblin/+0 club[Robin] (4)]
   813 | D:2      | HP: 2/26 [goblin/+0 dagger[Robin] (2)]
   815 | D:2      | Slain by a goblin

Illustrated notes

Levels and vault maps discovered:
D:1:      onia_arrival_pentagram, layout_basic
D:2:      layout_basic, uniq_robin

Skill      XL: |  1  2  3 |
---------------+----------+-----
Fighting       | 1 |  1.0
Short Blades   | 2 |  2.0
Dodging        | |  2.7
Stealth        | |  4.9
Spellcasting   | |  2.3
Hexes          | |  4.9

Action                   || total
-------------------------++-------
Melee: Dagger            ||   110
       Bite              ||     7
 Cast: Ensorcelled Hiber ||     3
 Stab: Sleeping          ||     9
Armor: Robe              ||    20
Dodge: Dodged            ||    80

Table legend: (Time is in decaauts)
 A = Elapsed time spent in this place.
 B = Non-inter-level travel time spent in this place.
 C = Inter-level travel time spent in this place.
 D = Time resting spent in this place.
 E = Time spent auto-exploring this place.
 F = Levels seen in this place.
 G = Mean time per level.
                   A        B        C        D        E       F      G
               +--------+--------+--------+--------+--------+-----+--------+
         Total |    806 |    796 |     10 |      0 |    556 |   2 |  403.0 |
       Dungeon |    806 |    796 |     10 |      0 |    556 |   2 |  403.0 |
               +--------+--------+--------+--------+--------+-----+--------+

Top non-repeatable levels by time:
     D:1: 535 daAuts
     D:2: 270 daAuts
